 Dungeon Crawl Stone Soup version 0.26-a0-1139-g7d2dc893a1 (webtiles) character file.

Game seed: 8555470728366161775

9 Dracia the Grasshopper (level 2, -1/22 HPs)
             Began as a Demonspawn Warper on Dec 22, 2020.
             Slain by Terence
             ... wielding a +2 vampiric short sword
              (5 damage)
             ... on level 2 of the Dungeon.
             The game lasted 00:00:20 (186 turns).

Dracia the Grasshopper (Demonspawn Warper)           Turns: 186, Time: 00:00:21

Health: -1/22      AC:  3    Str: 11    XL:     2   Next: 6%
Magic:  5/5        EV: 12    Int: 14    God:
Gold:   10         SH:  0    Dex: 12    Spells: 5/5 levels left

rFire    . . .     SeeInvis .   a - +0 short sword
rCold    . . .     Faith    .   (no shield)
rNeg     . . .     Spirit   .   b - +0 leather armour
rPois    .         Reflect  .   (helmet restricted)
rElec    .         Harm     .   (no cloak)
rCorr    .         Rampage  .   (no gloves)
Will     .....                  (no boots)
Stlth    +.........             (no amulet)
HPRegen  0.07/turn              (no ring)
MPRegen  0.09/turn              (no ring)

@: brilliant
A: antennae 1
a: no special abilities


You were on level 2 of the Dungeon.
You visited 1 branch of the dungeon, and saw 2 of its levels.

You collected 10 gold pieces.


Innate Abilities, Weirdness & Mutations

You have a pair of small antennae on your head.


   Skills:
 - Level 2.0 Fighting
 - Level 1.7 Short Blades
 - Level 0.8 Throwing
 + Level 1.2 Armour
 + Level 2.0 Dodging
 + Level 2.1 Spellcasting
 + Level 2.8 Translocations


You had 5 spell levels left.
You didn't know any spells.
Your spell library contained the following spells:

 Spells                   Type           Power        Failure   Level
 Blink                    Tloc           N/A          14%         2
 Gell's Gravitas          Tloc           7%           28%         3
 Lesser Beckoning         Tloc           7%           28%         3
 Teleport Other           Tloc           14%          28%         3
 Passage of Golubria      Tloc           N/A          67%         4

Inventory:

Hand Weapons
 a - a +0 short sword (weapon)
Missiles
 e - 5 boomerangs of dispersal (quivered) {=f=f}
Armour
 b - a +0 leather armour (worn)
Wands
 h - a wand of paralysis (12)
Scrolls
 c - a scroll of enchant weapon {unknown}
 d - a scroll of blinking
 f - a scroll of teleportation {unknown}

Dungeon Overview and Level Annotations

Branches:
Dungeon (1/15)

Altars:

Annotations:
D:2 Terence

.... ...# ...
.#.# # #
#.##.#.#..
#.#####........
#...........#
###....![..#.#..#
^#........@......
#.# #...@# #.#
#.#### #.# #.#
#.# #.#
#.####.#####.#
#.....).......
#.############
#.# ######.#


You could see Terence.


Message History

Terence hits you but does no damage.
You completely miss Terence.
Terence is lightly wounded.
Terence misses you.
You barely miss Terence.
Terence is lightly wounded.
Terence hits you with a +2 vampiric short sword.
Terence draws strength from your wounds!
You hit Terence but do no damage.
Terence is lightly wounded.
Terence hits you with a +2 vampiric short sword.
Terence draws strength from your wounds!
You hit Terence but do no damage.
Terence is lightly wounded.
Terence hits you with a +2 vampiric short sword.
* * * LOW HITPOINT WARNING * * *
Terence draws strength from your wounds!
You are too injured to fight recklessly!
Unknown command.
It was a potion of brilliance.
You feel clever all of a sudden.
Terence hits you with a +2 vampiric short sword.
* * * LOW HITPOINT WARNING * * *
Unknown command.
You hit Terence but do no damage.
Terence hits you with a +2 vampiric short sword.
* * * LOW HITPOINT WARNING * * *
You closely miss Terence.
Terence hits you with a +2 vampiric short sword.
You die...

Skill      XL: |  1 |
---------------+----+-----
Armour         | 1 |  1.2
Dodging        | 2 |  2.0
Fighting       | |  2.0
Short Blades   | |  1.7
Throwing       | |  0.8
Spellcasting   | |  2.1
Translocations | |  2.8

Action                   || total
-------------------------++-------
Melee: Short sword       ||    29
  Use: Potion            ||     1
Armor: Leather armour    ||     9
Dodge: Dodged            ||    24

Levels and vault maps discovered:
D:1:      dpeg_arrival_simpleton_b, layout_loops_corners, minivault_27,
          bh_walls_and_bars
D:2:      layout_loops_ring, minmay_domino_4, uniq_terence

Notes
Turn   | Place    | Note
-------+----------+-------------------------------------------
     0 | D:1      | Dracia the Demonspawn Warper began the quest for the Orb.
     0 | D:1      | Reached XP level 1. HP: 16/16 MP: 3/3
    32 | D:1      | You fall into a shaft and drop 1 floor!
    42 | D:2      | Reached skill level 1 in Armour
    47 | D:2      | Reached skill level 2 in Dodging
    49 | D:2      | Gained mutation: You have a pair of small antennae on your
                  | head. [demonic ancestry]
    49 | D:2      | Reached XP level 2. HP: 15/22 MP: 5/5
   173 | D:2      | Noticed Terence
   186 | D:2      | Slain by Terence

Vanquished Creatures
  A worm (D:2)
  A dart slug (D:2)
  A giant cockroach (D:2)
  A goblin (D:2)
  A kobold (D:2)
5 creatures vanquished.

Table legend: (Time is in decaauts)
 A = Elapsed time spent in this place.
 B = Non-inter-level travel time spent in this place.
 C = Inter-level travel time spent in this place.
 D = Time resting spent in this place.
 E = Time spent auto-exploring this place.
 F = Levels seen in this place.
 G = Mean time per level.
                   A        B        C        D        E       F      G
               +--------+--------+--------+--------+--------+-----+--------+
         Total |    186 |    186 |      0 |      0 |    141 |   2 |   93.0 |
       Dungeon |    186 |    186 |      0 |      0 |    141 |   2 |   93.0 |
               +--------+--------+--------+--------+--------+-----+--------+

Top non-repeatable levels by time:
     D:2: 154 daAuts
     D:1: 32 daAuts

Table legend:
 A = Non-vault XP
 B = Vault XP
 C = Vault XP percentage of total XP
 D = Non-vault monster count
 E = Vault monster count
 F = Vault count percentage of total count
                 A         B        C        D         E       F
            +---------+---------+-------+---------+---------+-------
      Total |       1 |      13 |  92.9 |       1 |       4 |  80.0
            +---------+---------+-------+---------+---------+-------
        D:2 |       1 |      13 |  92.9 |       1 |       4 |  80.0
            +---------+---------+-------+---------+---------+-------
